[Event "British Championship 2024"]
[Site "Hull"]
[Date "2024.07.31"]
[Round "3.6"]
[White "Adams, Michael"]
[Black "Van Zyl-Rudd, Jack"]
[Result "1-0"]
[Annotator "TA"]
[ECO "B45"]
[WhiteElo "2670"]
[BlackElo "2292"]
[PlyCount "71"]
[EventDate "2024.07.31"]
[EventCountry "GBR"]
[SourceTitle "playchess.com"]
[Source "ChessBase"]
[SourceQuality "1"]
[TimeControl "40/5400+30:1800+30"]

1. e4 c5 2. Nf3 e6 3. d4 cxd4 4. Nxd4 Nf6 5. Nc3 Nc6 6. Be2 Bb4 7. O-O Bxc3 8. bxc3 Nxe4 9. Qd3 d5 10. Ba3 Qa5 11. Nb5 a6 {[%emt 0:01:06] The position is equal.} 12. Nd6+ Nxd6 13. Bxd6 {[%emt 0:00:08] This pair of bishops is nice.} Ne7 14. Bxe7 Kxe7 15. Qg3 Bd7 16. Qxg7 Rhg8 $1 17. Qd4 Rac8 18. Rab1 Qxc3 19. Qh4+ Qf6 $132 {[%emt 0:00:47][%mdl 2048] Black is not keeping still} 20. Qb4+ Ke8 21. Qxb7 Rxc2 (21... Rxg2+ $1 $11 22. Kxg2 Qg6+ 23. Kh1 Qe4+ 24. f3 Qxe2) 22. Qb8+ (22. Qxa6 Rxg2+ 23. Kxg2 Qg6+ 24. Kh1 Qe4+ 25. f3 Qxe2 26. Qxe2 Rxe2 $14) (22. Bxa6 $16 {Threatens to win with Qa8+.} Qg5 23. g3) 22... Qd8 (22... Rc8 $14 23. Qd6 Rg6) 23. Bxa6 $16 Rg4 {[%emt 0:02:41] Prevents Qf4} ({Black should try} 23... Rc7) 24. h3 (24. Qe5 $142 $1 {Rb8 would now be deadly.} Rg5 25. Qh8+ Ke7 26. Qxh7 Rxa2 27. Bb5) 24... Ra4 {[%emt 0:00:34] [#]} 25. Bd3 ({Not} 25. Qd6 $2 Rc6 (25... Rcxa2 $2 {loses.} 26. Rb8 $18) 26. Qg3 Raxa6 $19 (26... Rcxa6 27. Rb8 $17)) 25... Rc8 26. Qe5 {[%emt 0:05:38] White is more active.} Qc7 {[%emt 0:00:25] Against Rb7} 27. Qh8+ Ke7 28. Qxh7 Rxa2 29. Qh4+ Ke8 30. Rb4 {[%emt 0:02:54] Prevents Ra4} Qc3 {[%emt 0:02:03] [#] Wards off Rg4} 31. Rg4 $1 Bc6 32. Rg3 {[%emt 0:02:34][%cal Od3a6] Strongly threatening Ba6!} Ra4 {[%emt 0:02:45] This move loses the game for Black.} (32... Ra1 $16 33. Rg8+ Kd7 34. Rxc8 Kxc8) 33. Qh6 (33. Ba6 $142 {aiming for Rg8+.} Rxh4 34. Rxc3) 33... Ke7 34. Bb5 $1 Bxb5 $2 (34... Qf6 35. Qxf6+ Kxf6 36. Rf3+ (36. Bxa4 Bxa4 37. Rf3+ Kg7 $18) 36... Kg7 37. Bxa4 Bxa4) 35. Rxc3 $18 Rxc3 36. Rb1 {[%emt 0:00:53] Weighted Error Value: White=0.18 (very precise) /Black=0.40.  Loses game:     	---       	Black=1      Mistake:       	White=3     	Black=4      OK:         	White=16    	Black=6      Best:        	White=3     	Black=7      Strong:       	White=2     	Black=1} 1-0

[Event "British Championship 2024"]
[Site "Hull"]
[Date "2024.07.31"]
[Round "3.7"]
[White "Czopor, Maciej"]
[Black "Conquest, Stuart C"]
[Result "0-1"]
[Annotator "TA"]
[ECO "B03"]
[WhiteElo "2361"]
[BlackElo "2510"]
[PlyCount "96"]
[EventDate "2024.07.31"]
[EventCountry "GBR"]
[SourceTitle "playchess.com"]
[Source "ChessBase"]
[SourceQuality "1"]
[TimeControl "40/5400+30:1800+30"]

1. e4 Nf6 2. e5 Nd5 3. d4 d6 4. c4 Nb6 5. f4 dxe5 6. fxe5 Bf5 7. Nc3 e6 8. Be3 Bb4 9. a3 {[%emt 0:33:36] B03: Alekhine's Defence: Four Pawns Attack.} Qh4+ 10. Bf2 (10. Kd2 $1 $15 c5 (10... Bxc3+ 11. Kxc3 O-O 12. Nf3 $11) 11. Nf3 (11. axb4 cxd4 12. Nf3 Nxc4+ 13. Bxc4 dxe3+ 14. Kxe3 Qxc4 $15)) 10... Bxc3+ 11. bxc3 Qe4+ 12. Be2 {[%emt 0:09:28] [#]} Qxg2 (12... Nc6 $1 $17 13. Nf3 Nxc4) 13. Bf3 $15 Qg6 14. Ne2 (14. Bxb7 Be4 15. Bxa8 Nxa8 $17 (15... Bxa8 $2 16. d5 $19)) 14... Nc6 (14... Nxc4 $2 15. Qa4+ (15. Bxb7 Bc2 $18) 15... Nd7 16. Qxc4 $18) 15. c5 Nc4 $146 ({Predecessor:} 15... Bc2 16. Qc1 Nc4 17. Rg1 Qf5 18. Bxc6+ bxc6 19. Rxg7 {1-0 Erpel,W-Hack,K GER-chT 2BK Gr16 Br3 corr 1995}) 16. Qa4 {[%emt 0:07:23] [#]} (16. Rg1 $15 Qh6 17. Ng3) 16... Nb2 $1 $17 (16... Be4 $2 17. Rg1 Nb2 18. Qb5 Bxf3 (18... Nd3+ $2 19. Kd2 $18) 19. Rxg6 (19. Qxb2 $2 Qe4 $19) 19... hxg6 20. Bg3 $18 (20. Qxb2 O-O-O $18)) 17. Bxc6+ Kf8 (17... bxc6 $2 {too greedy.} 18. Qxc6+ Ke7 19. Bh4+ (19. Qxc7+ Kf8 $16) 19... f6 20. exf6+ (20. Qxc7+ Kf8 $16) 20... gxf6 21. Ng3 (21. Qxc7+ Kf8 $16) 21... Nd3+ 22. Kd2 Qh6+ 23. Ke2 Bg4+ 24. Kxd3 $18) 18. Nf4 Qg4 19. Qb3 bxc6 20. Qxb2 Qxf4 21. Qe2 Rb8 22. Qe3 Qxe3+ (22... g5 $19 {Hoping for ...Rb2.} 23. Qxf4 gxf4) 23. Bxe3 $17 Rb2 24. Bd2 Ke7 25. Ke2 g5 26. Rhg1 g4 27. Ke3 h5 28. Rg2 h4 29. Rag1 (29. Rf2 $142) 29... Ra2 30. Bc1 Ra1 31. Rb2 (31. Bb2 $142 Rxg1 (31... Ra2 $2 32. Bc1 $19) 32. Rxg1) 31... Kd7 $19 ({Don't do} 31... Rxa3 32. Kf2 $19) 32. Kf4 Rg8 33. Be3 (33. Re2 {was necessary.}) 33... Rxa3 $19 34. Bd2 a5 35. Be1 Rh8 36. Kg5 h3 37. Bg3 Rxc3 38. Ra1 Rg8+ 39. Kh4 Rh8+ 40. Kg5 Ra8 41. Rba2 a4 42. Ra3 Rc4 43. Bf2 Rb4 44. Kf6 $2 (44. Kf4 $19) 44... Rg8 45. Rxa4 Rbb8 46. d5 Ke8 47. dxe6 Bxe6 48. Ra8 Rg6# 0-1

[Event "British Championship 2024"]
[Site "Hull"]
[Date "2024.07.31"]
[Round "3.8"]
[White "Ghasi, Ameet K"]
[Black "Kalavannan, Koby"]
[Result "1-0"]
[Annotator "TA"]
[ECO "A37"]
[WhiteElo "2496"]
[BlackElo "2265"]
[PlyCount "77"]
[EventDate "2024.07.31"]
[EventCountry "GBR"]
[SourceTitle "playchess.com"]
[Source "ChessBase"]
[SourceQuality "1"]
[TimeControl "40/5400+30:1800+30"]

1. c4 c5 2. g3 g6 3. Bg2 Bg7 4. Nc3 Nc6 5. Nf3 d6 6. O-O e5 7. a3 a5 8. d3 Nge7 9. Rb1 O-O 10. Bd2 Rb8 11. Nb5 d5 12. cxd5 Nxd5 13. Qb3 {[%emt 0:00:22][%cal Of3e5] The position is equal.} Nde7 14. Qc2 b6 15. b4 axb4 16. axb4 Nd4 17. Nfxd4 cxd4 18. Bg5 f6 $36 {[%emt 0:00:00][%mdl 2048] Black is pushing.} 19. Bd2 Bb7 20. Bxb7 Rxb7 21. Rfc1 Qd7 22. Qa2+ Kh8 23. Qa6 Rfb8 24. Rc4 Bf8 25. Rbc1 Nd5 {[%emt 0:00:00] Prevents Rc7} 26. Qa4 h5 27. Rc6 $2 {[%emt 0:05:22] [#]} (27. Kg2 $17) 27... h4 $2 28. Kg2 $2 {[%emt 0:02:19][%mdl 8192] [#]} (28. Qb3 $17) 28... Bc5 $1 $19 29. Nxd4 (29. Na3 b5 30. Qd1 Qxc6 $19 (30... Nc3 $2 31. Bxc3 Qxc6+ 32. e4 $19)) 29... exd4 (29... Bxd4 30. Rc8+ Rxc8 31. Qxd7 Rxd7 32. Rxc8+ Kg7 33. f4 $19) (29... h3+ $142 30. Kf1 Bxd4) 30. bxc5 Ra7 31. Qb5 (31. Qxd4 {was the only chance.} Qxc6 32. e4 h3+ 33. Kf3) 31... h3+ ({But not} 31... Nc7 $2 32. Qxb6 Rxb6 33. cxb6 h3+ 34. Kf1 $18) 32. Kf1 Nc7 $2 {[%emt 0:00:56] [#]} (32... Ra2 $1 $19 33. cxb6 Rxd2) 33. Qxb6 $1 $16 Rxb6 (33... Na6 34. Rd6 Qe7 35. Re6 (35. Qc6 Re8 $18) 35... Rxb6 36. Rxe7 $18) 34. cxb6 Ra1 $2 (34... Nd5 $18 35. bxa7 Qxa7) 35. Rxc7 {[%emt 0:03:01] White mates.} Rxc1+ 36. Bxc1 Qa4 {[%emt 0:00:01] [#]} 37. Bd2 $1 Qa1+ 38. Be1 Qa8 39. b7 {[%emt 0:00:14] Weighted Error Value: White=0.34/Black=0.54.  Loses game:     	White=1     	---        Missed win:     	---       	Black=2      Mistake:       	White=2     	Black=2      Inaccurate:     	White=4     	---        OK:         	White=6     	Black=10     Best:        	White=5     	Black=2      Brilliant:      	White=1     	---} 1-0

[Event "British Championship 2024"]
[Site "Hull"]
[Date "2024.07.31"]
[Round "3.9"]
[White "Davies, Nigel R"]
[Black "Bazakutsa, Svyatoslav"]
[Result "0-1"]
[Annotator "RC"]
[ECO "D04"]
[WhiteElo "2325"]
[BlackElo "2470"]
[PlyCount "80"]
[EventDate "2024.07.31"]
[EventCountry "GBR"]
[SourceTitle "playchess.com"]
[Source "ChessBase"]
[SourceQuality "1"]
[TimeControl "40/5400+30:1800+30"]

1. d4 Nf6 2. Nf3 g6 3. Nbd2 d5 4. b3 Bg7 5. Bb2 O-O 6. e3 b6 7. c4 Bb7 8. Be2 Nbd7 9. O-O c5 10. dxc5 Nxc5 11. b4 Nce4 12. Nxe4 Nxe4 13. Bxg7 Kxg7 14. Qd4+ f6 15. Rfd1 dxc4 16. Qxc4 Nd6 17. Qb3 Bxf3 18. Bxf3 Rc8 19. a4 Qc7 20. Qe6 Rfd8 21. a5 b5 22. a6 Qd7 23. Qb3 Qf5 24. h3 h5 25. Qd5 Qxd5 26. Rxd5 Rc4 27. Rb1 Rc2 28. Bd1 Ra2 29. Rc1 Rxa6 30. Rc7 Kf7 31. Be2 Ra1+ 32. Kh2 a6 33. Ra7 h4 34. Rd4 Rh8 35. Bf3 f5 36. e4 Kf6 37. exf5 gxf5 38. Rd1 Rxd1 39. Bxd1 Rc8 40. Rxa6 Rc4 0-1

[Event "British Championship 2024"]
[Site "Hull"]
[Date "2024.07.31"]
[Round "3.10"]
[White "Williams, Simon K"]
[Black "Yao, Lan"]
[Result "1/2-1/2"]
[Annotator "TA"]
[ECO "D00"]
[WhiteElo "2450"]
[BlackElo "2325"]
[PlyCount "96"]
[EventDate "2024.07.31"]
[EventCountry "GBR"]
[SourceTitle "playchess.com"]
[Source "ChessBase"]
[SourceQuality "1"]
[TimeControl "40/5400+30:1800+30"]

1. d4 Nf6 2. Bf4 d5 3. e3 c5 4. Nd2 Nc6 5. c3 Qb6 6. Qb3 {[%emt 0:00:53] D00: 1 d4 d5: Unusual lines.} c4 7. Qc2 Bg4 8. b3 cxb3 $1 9. axb3 Rc8 10. Ngf3 e6 11. Qb2 Be7 12. Bd3 O-O 13. O-O Bh5 14. Rab1 $146 ({Predecessor:} 14. Ne5 Nxe5 15. Bxe5 Nd7 16. Bg3 Bg6 17. Bxg6 hxg6 18. c4 dxc4 19. Qc2 cxb3 20. Qxb3 Qxb3 21. Nxb3 {1-0 Koellner,R (2376)-Nascimento,P (1978) Titled Tuesday intern op 30th June blitz 2020 (7)}) 14... Bg6 15. Bxg6 hxg6 16. h3 Qd8 17. Ne5 Nxe5 18. Bxe5 Nd7 19. Bg3 f5 (19... a5 $11) 20. c4 g5 21. f3 ({White should play} 21. Nf3 $16) 21... Bf6 22. Qa3 f4 23. Bf2 Qb6 24. c5 Qc6 (24... Qb5 $14) 25. b4 $16 (25. Qxa7 $2 {perishes.} fxe3 (25... Ra8 $2 26. Qa4 $19) 26. Bxe3 Ra8 $19) 25... fxe3 26. Qxe3 e5 {[%emt 0:00:53] [#]} 27. Qb3 (27. Nb3 $142 $1) 27... Kh8 $16 28. b5 ({Better is} 28. Qa2 $16) 28... Qe6 $1 $14 29. Ne4 exd4 30. Nxf6 gxf6 (30... Nxc5 $11 31. Qxd5 Qxf6) 31. Bxd4 Nxc5 32. Qc2 (32. Qa3 $16 b6 33. Qxa7) 32... Ne4 $11 33. Qe2 Nc5 34. Qa2 Nd3 35. Qxa7 Rf7 36. Qa2 Rfc7 37. Qd2 Nf4 38. Rb2 Qf5 39. Qe3 Kg7 40. Rd2 Kh6 41. Kh2 Kg6 42. Kg1 (42. Rfd1 {is interesting.} Kf7 43. Re1 Ng6 44. Qe2) 42... Kf7 43. Re1 $1 Kg6 44. b6 Rc1 45. Rxc1 Rxc1+ 46. Kh2 Qe6 47. Qxe6 Nxe6 48. Bf2 d4 1/2-1/2

[Event "British Championship 2024"]
[Site "Hull"]
[Date "2024.07.31"]
[Round "3.11"]
[White "Balaji, Aaravamudhan"]
[Black "Merry, Alan B"]
[Result "1/2-1/2"]
[Annotator "TA"]
[ECO "E49"]
[WhiteElo "2346"]
[BlackElo "2429"]
[PlyCount "56"]
[EventDate "2024.07.31"]
[EventCountry "GBR"]
[SourceTitle "playchess.com"]
[Source "ChessBase"]
[SourceQuality "1"]
[TimeControl "40/5400+30:1800+30"]

1. d4 Nf6 2. c4 e6 3. Nc3 Bb4 4. e3 O-O 5. Bd3 d5 6. a3 Bxc3+ 7. bxc3 dxc4 8. Bxc4 c5 9. Ne2 Qc7 10. Ba2 Nc6 11. Ng3 Rd8 12. O-O b6 13. Qe2 Bb7 14. Rd1 Rac8 15. Bb2 Na5 16. e4 Qc6 17. f3 Qa4 18. d5 exd5 19. Nf5 Qd7 20. Bc1 Ne8 ({Better is} 20... c4 $15) 21. Bg5 {[%emt 0:05:10][%cal Oa2d5][%mdl 1024] White has compensation.} f6 {[%emt 0:00:07] The position is equal.} 22. Bf4 c4 23. Bb1 {[%emt 0:05:40] [#] Black must now prevent exd5.} Qe6 24. Nd4 {[%emt 0:03:29] Inhibits Nb3.} Qe7 25. Nf5 Qe6 26. Nd4 {[%emt 0:03:17] Dodges Nb3} Qe7 27. Nf5 Qe6 28. Nd4 Qe7 {[%emt 0:00:05] An uneventful encounter.   Weighted Error Value: White=0.05 (flawless) /Black=0.07 (flawless) .  Mistake:       	---       	Black=1      Inaccurate:     	White=2     	---        OK:         	White=7     	Black=12     Best:        	White=1     	Black=2} 1/2-1/2

[Event "British Championship 2024"]
[Site "Hull"]
[Date "2024.07.31"]
[Round "3.12"]
[White "Hobson, Kenneth"]
[Black "Pert, Richard G"]
[Result "1/2-1/2"]
[Annotator "TA"]
[ECO "B13"]
[WhiteElo "2227"]
[BlackElo "2415"]
[PlyCount "97"]
[EventDate "2024.07.31"]
[EventCountry "GBR"]
[SourceTitle "playchess.com"]
[Source "ChessBase"]
[SourceQuality "1"]
[TimeControl "40/5400+30:1800+30"]

1. e4 c6 2. d4 d5 3. exd5 cxd5 4. Bd3 Nc6 5. c3 Qc7 6. h3 e5 7. dxe5 Nxe5 8. Bc2 Bd6 {[%emt 0:06:08] White has an edge.} 9. Nf3 Nxf3+ 10. Qxf3 Ne7 11. Be3 O-O 12. Nd2 Be6 13. Nb3 Ng6 14. Nd4 a6 (14... Ne5 $14 15. Qe2 Nc4) 15. Qh5 $16 Rae8 16. O-O {[%emt 0:02:04] White is more active.} Bc8 17. Bxg6 (17. Nf3 $16) 17... hxg6 $11 18. Qxd5 Rd8 19. Qb3 Qe7 20. Rad1 Rfe8 21. Rfe1 Bc7 22. Nf3 Be6 23. Qa4 (23. Qxb7 $2 Bh2+ (23... Bxa2 $2 {perishes.} 24. Qxa6 Rxd1 25. Rxd1 $18) 24. Kxh2 Qxb7 $19) 23... Bd7 24. Qh4 Qxh4 25. Nxh4 Be6 26. a3 a5 27. Nf3 a4 28. Nd4 Bc4 29. Nf3 (29. h4 $14) 29... f6 (29... Be6 $1 $11) 30. Rd4 b5 31. Red1 Rxd4 32. Rxd4 Re7 33. Rd2 g5 34. Bc5 Re8 35. g3 Be6 36. Re2 Kf7 37. Nd4 Bc4 38. Rxe8 Kxe8 {[%emt 0:00:02][%mdl 4096] Endgame. KBB-KBN} 39. g4 Be5 40. Nf5 g6 41. Ne3 Bf4 42. Nxc4 bxc4 $14 {[%emt 0:00:02] KB-KB} 43. Kg2 {[%emt 0:00:00] Hoping for Kf3.} Bc1 44. Kf3 {[%emt 0:00:00] [#] Ke4 would now be deadly.} f5 45. Ke2 Kf7 46. Kd1 Bf4 (46... Bxb2 $2 {too greedy.} 47. Kc2 Ba1 48. Bd4 $18) 47. Ke2 {[%emt 0:00:00] And now gxf5 would win.} Bc1 48. Kd1 Bf4 (48... Bxb2 $2 {loses.} 49. Kc2 Ke6 50. Kxb2 $18) 49. Ke2 {[%emt 0:00:00] Weighted Error Value: White=0.10 (very precise) /Black=0.09 (flawless) .  Mistake:       	White=2     	Black=2      Inaccurate:     	White=4     	Black=2      OK:         	White=20    	Black=18} 1/2-1/2

[Event "British Championship 2024"]
[Site "Hull"]
[Date "2024.07.31"]
[Round "3.13"]
[White "Motwani, Paul"]
[Black "Salmons, Calum"]
[Result "0-1"]
[Annotator "RC"]
[ECO "D40"]
[WhiteElo "2414"]
[BlackElo "1999"]
[PlyCount "84"]
[EventDate "2024.07.31"]
[EventCountry "GBR"]
[SourceTitle "playchess.com"]
[Source "ChessBase"]
[SourceQuality "1"]
[TimeControl "40/5400+30:1800+30"]

1. Nf3 c5 2. c4 Nc6 3. Nc3 e6 4. e3 d5 5. d4 Nf6 6. a3 Be7 7. dxc5 Bxc5 8. b4 Bb6 9. Bb2 O-O 10. Qc2 Qe7 11. g4 d4 12. Na4 dxe3 13. Nxb6 axb6 14. g5 Ng4 15. fxe3 e5 16. b5 Na5 17. Qc3 Qc5 18. Bc1 e4 19. h3 exf3 20. hxg4 Bxg4 21. Kf2 Rfe8 22. Bd3 Bf5 23. Bxf5 Qxf5 24. Bb2 Qg6 25. Rh6 Qxg5 26. Rg1 Qxh6 27. Rxg7+ Kf8 28. Rg8+ Ke7 29. Qe5+ Qe6 30. Qc7+ Qd7 31. Bf6+ Kxf6 32. Qxd7 Rxg8 33. Qd6+ Kg7 34. Qe5+ f6 35. Qc7+ Kh8 36. Qxb6 Nxc4 37. Qxf6+ Rg7 38. Kxf3 Re8 39. Qd4 Nxe3 40. a4 Nc2 41. Qb6 Rf7+ 42. Kg3 Rg8+ 0-1

[Event "British Championship 2024"]
[Site "Hull"]
[Date "2024.07.31"]
[Round "3.14"]
[White "Dicen, Elis Denele"]
[Black "Han, Yichen"]
[Result "0-1"]
[Annotator "TA"]
[ECO "C45"]
[WhiteElo "2073"]
[BlackElo "2414"]
[PlyCount "116"]
[EventDate "2024.07.31"]
[EventCountry "GBR"]
[SourceTitle "playchess.com"]
[Source "ChessBase"]
[SourceQuality "1"]
[TimeControl "40/5400+30:1800+30"]

1. e4 e5 2. Nf3 Nc6 3. d4 exd4 4. Nxd4 Qf6 5. Be3 Bc5 6. c3 Qg6 7. Nd2 Nf6 8. h4 {[%emt 0:21:03] Hoping for h5.} h5 9. Nf5 Bxe3 10. Nxe3 {[%emt 0:00:23] The position is equal.} d6 11. Qc2 {[%emt 0:02:10] [#]} d5 12. exd5 $11 Qxc2 13. Nxc2 Nxd5 14. O-O-O O-O 15. Nf3 Nf6 16. Bb5 Ne7 17. Ne3 Ng6 18. Ng5 c6 19. Be2 Nf4 20. Rd2 (20. Bc4 $14 {is more appropriate.}) 20... Nxe2+ 21. Rxe2 Bd7 22. g3 Rae8 23. Rhe1 b5 {[%emt 0:03:25] Against Nc4} 24. Nc2 Rd8 25. Rd2 Rfe8 26. Rxe8+ Rxe8 27. Ne3 Re7 28. Kc2 g6 29. Re2 c5 30. b3 Bc6 31. Rd2 Kg7 32. a3 Ng4 33. Nd1 (33. Nxg4 $11 hxg4 34. Kd1) 33... Bb7 (33... c4 $15 34. bxc4 bxc4) 34. Nh3 (34. Rd6 $11 {keeps the balance.}) 34... Be4+ 35. Kc1 Bf5 36. Nf4 ({Wrong is} 36. f3 $2 Ne5 37. Nf4 Nxf3 $19) 36... Re1 37. Re2 {[%emt 0:00:48] Inhibits Be4. White is now going downhill.} (37. c4 $15) 37... Rh1 38. Kd2 Nh2 {[%emt 0:00:21] Strongly threatening ...Bg4. Black is more active.} 39. Re7 (39. Kc1 $17) 39... Nf3+ $19 40. Kc1 {[%emt 0:00:46][%cal Of4g2] [#]} Bg4 $1 41. Kc2 {[%emt 0:15:01][%cal Od1e3] [#]} (41. Rxa7 $2 {perishes.} Ne5 42. Re7 Rxd1+ $19) 41... Nxh4 $1 42. Ne3 {[%emt 0:01:36] [#]} Nf5 43. Nxf5+ Bxf5+ {[%emt 0:00:41][%mdl 4096] Endgame. KRB-KRN} 44. Kd2 g5 45. Nd5 Be6 46. Nc7 Bxb3 47. Re5 Kg6 ({Weaker is} 47... Rd1+ 48. Ke2 $19) 48. Rxc5 (48. f4 $142 Rh2+ 49. Ke3) 48... h4 49. gxh4 gxh4 50. Ke2 h3 {[%emt 0:01:57] And now ...h2 would win.} 51. f4 h2 {[%emt 0:00:34] Black mates.} 52. Rg5+ Kh6 53. Rg2 Bc4+ 54. Kf2 Rf1+ 55. Kg3 h1=Q 56. f5 Kg5 57. Rf2 Rg1+ 58. Rg2 Qxg2# {[%emt 0:00:04] Weighted Error Value: White=0.44/Black=0.07 (flawless) .  Mistake:       	White=6     	Black=2      Inaccurate:     	White=4     	Black=3      OK:         	White=10    	Black=14     Best:        	White=3     	Black=2      Strong:       	---       	Black=1} 0-1

[Event "British Championship 2024"]
[Site "Hull"]
[Date "2024.07.31"]
[Round "3.15"]
[White "Toma, Katarzyna"]
[Black "Wells, Peter K"]
[Result "0-1"]
[Annotator "RC"]
[ECO "C45"]
[WhiteElo "2220"]
[BlackElo "2354"]
[PlyCount "68"]
[EventDate "2024.07.31"]
[EventCountry "GBR"]
[SourceTitle "playchess.com"]
[Source "ChessBase"]
[SourceQuality "1"]
[TimeControl "40/5400+30:1800+30"]

1. e4 e5 2. Nf3 Nc6 3. d4 exd4 4. Nxd4 Bc5 5. Nb3 Bb6 6. Nc3 d6 7. Bf4 Nf6 8. Qd2 O-O 9. O-O-O a5 10. a4 Be6 11. f3 Bxb3 12. cxb3 Nd7 13. Bc4 Nce5 14. Nd5 Bc5 15. Bg5 Nxc4 16. bxc4 f6 17. Bf4 Ne5 18. Qc2 c6 19. Nc3 Qb6 20. Ne2 Qb4 21. Bxe5 fxe5 22. Rd3 b5 23. cxb5 cxb5 24. Nc3 Bd4 25. Nd5 Qxa4 26. Qxa4 bxa4 27. Ra3 Rab8 28. Nc3 Rb3 29. Nxa4 Bxb2+ 30. Nxb2 Rxa3 31. Kb1 Re3 32. Rc1 Re2 33. Nc4 Rb8+ 34. Ka1 Rc8 0-1

[Event "British Championship 2024"]
[Site "Hull"]
[Date "2024.07.31"]
[Round "3.16"]
[White "Grieve, Harry"]
[Black "Shearsby, Jude"]
[Result "1-0"]
[Annotator "TA"]
[ECO "B72"]
[WhiteElo "2470"]
[BlackElo "2092"]
[PlyCount "125"]
[EventDate "2024.07.31"]
[EventCountry "GBR"]
[SourceTitle "playchess.com"]
[Source "ChessBase"]
[SourceQuality "1"]
[TimeControl "40/5400+30:1800+30"]

1. e4 c5 2. Nf3 d6 3. d4 cxd4 4. Nxd4 Nf6 5. Nc3 g6 6. Be3 Nc6 7. f3 {[%emt 0:00:39] Inhibits Ng4.} e5 8. Nb3 Be6 {[%emt 0:00:21] [#] White is better.} 9. Nd5 (9. Qe2 $1 $16) 9... Bxd5 $11 10. exd5 Ne7 11. Bb5+ Nd7 12. O-O Bg7 13. Re1 O-O 14. Bf1 Re8 15. c4 Nf6 16. Nd2 b5 17. cxb5 Nfxd5 18. Bf2 Nf4 19. a4 Nf5 20. a5 Nd4 ({Better is} 20... d5) 21. Nb3 Nfe6 22. Bc4 d5 23. Nxd4 exd4 24. Bf1 Qd6 25. Qd2 Be5 {[%emt 0:02:29] White now steadily converts the win.} (25... Rec8 $14) 26. g3 $16 Reb8 (26... Bf6 $16 {is a better defense.} 27. Rec1 Qf8) 27. Rac1 $18 {[%emt 0:03:19] Rc6 is the strong threat.} Bg7 28. Rc6 {[%emt 0:02:08] White is more active.} Qd8 29. Rec1 Qd7 30. f4 Nd8 31. Rc7 Qd6 (31... Qe8 $142 32. a6 (32. Bxd4 Bxd4+ 33. Qxd4 Ne6 $11) 32... Ne6) 32. Qe1 ({Resist} 32. f5 $6 gxf5 33. Bxd4 (33. Qf4 Qxf4 34. gxf4 Ne6 $16) 33... Ne6 (33... Bxd4+ $2 34. Qxd4 Qh6 35. Qe5 $18) 34. Bxg7 (34. Rxa7 $2 Bxd4+ 35. Kh1 Bxa7 $19) 34... Kxg7 $18) 32... Ne6 33. R7c6 Qf8 34. h4 Nd8 35. R6c5 Ne6 36. Rxd5 Rd8 (36... Re8 $142) 37. Bg2 Rab8 {[%emt 0:02:04] [#]} 38. b6 $1 axb6 39. a6 Re8 40. Qf1 Qe7 41. Qc4 {[%emt 0:05:02] Prevents Rbc8.} Ra8 42. f5 gxf5 43. Rxf5 Ra7 44. b4 Rc7 45. Bc6 Rec8 46. b5 Qa3 47. Re1 Qa5 $2 (47... Kh8 48. Kh2 h6) 48. Qd5 {[%emt 0:07:14] Black is weak on the light squares} Re7 49. Qe4 Rcc7 50. Qb1 Ra7 51. Bd5 {[%emt 0:00:50][%cal Of5f7] And now Rxf7! would win.} Qd2 52. Rd1 Qh6 53. Qb3 Nc5 (53... Rec7 $142 54. Qf3 Rc3) 54. Qf3 Ne6 55. Be4 Nf8 56. Bd5 Ne6 $1 {[%emt 0:00:19] Repels Rg5} 57. Be4 Nf8 $1 58. Rg5 Rad7 59. Bc6 Rd6 60. Rxd4 Rxd4 61. Bxd4 Ne6 62. Bxg7 {[%emt 0:00:31] This pair of bishops is nice.} Nxg5 63. Bxh6 {[%emt 0:00:07] Weighted Error Value: White=0.48/Black=0.23 (precise) .  Mistake:       	White=1     	Black=7      Inaccurate:     	White=1     	Black=3      OK:         	White=27    	Black=17     Best:        	White=1     	Black=1      Strong:       	---       	Black=2} 1-0

[Event "British Championship 2024"]
[Site "Hull"]
[Date "2024.07.31"]
[Round "3.17"]
[White "Southcott-Moyers, Indy"]
[Black "Trent, Lawrence"]
[Result "1/2-1/2"]
[Annotator "RC"]
[ECO "E69"]
[WhiteElo "2182"]
[BlackElo "2416"]
[PlyCount "131"]
[EventDate "2024.07.31"]
[EventCountry "GBR"]
[SourceTitle "playchess.com"]
[Source "ChessBase"]
[SourceQuality "1"]
[TimeControl "40/5400+30:1800+30"]

1. d4 Nf6 2. c4 g6 3. g3 Bg7 4. Bg2 O-O 5. Nc3 d6 6. h3 Nbd7 7. e4 e5 8. Nf3 Re8 9. O-O c6 10. Re1 a5 11. d5 Nc5 12. Bf1 Bd7 13. b3 cxd5 14. cxd5 b5 15. Nd2 b4 16. Na4 Nxa4 17. bxa4 Qb8 18. a3 Rc8 19. axb4 axb4 20. a5 Bb5 21. Bxb5 Qxb5 22. Nb3 Qc4 23. Qf3 Qc2 24. Bd2 Rc3 25. Bxc3 Qxb3 26. Re3 bxc3 27. Rxc3 Qb4 28. Rb3 Qxe4 29. Qxe4 Nxe4 30. a6 Nc5 31. Rb6 e4 32. Ra2 Ra7 33. Rxd6 Bd4 34. Rc6 Kf8 35. Rc2 Ke7 36. Rc4 e3 37. R4xc5 exf2+ 38. Kf1 Bxc5 39. Rxc5 Rxa6 40. Kxf2 Kd6 41. Rb5 Ra7 42. Kf3 Ke5 43. h4 f5 44. Rb3 Kxd5 45. g4 Ra4 46. gxf5 gxf5 47. Rb5+ Ke6 48. Rb6+ Ke5 49. Rb5+ Kf6 50. Rb6+ Kg7 51. Kg3 Rg4+ 52. Kh3 h5 53. Rb5 Kf6 54. Rb6+ Ke5 55. Rh6 Ke4 56. Rxh5 Rg1 57. Rg5 Rh1+ 58. Kg2 Rxh4 59. Rg3 Rh8 60. Kf2 Rh2+ 61. Kf1 Ra2 62. Rb3 f4 63. Rc3 Kf5 64. Rc5+ Kg4 65. Rc3 f3 66. Rc8 1/2-1/2